 Dungeon Crawl Stone Soup version 0.23.2-1-ga50397a6bc (webtiles) character file.

Game seed: 12123673153463929455

184 GreaterElenko the Cudgeler (level 5, -3/41 HPs)
             Began as a Mummy Gladiator on Apr 15, 2019.
             Killed by divine providence
             ... invoked by an orc priest
              (10 damage)
             ... on level 3 of the Dungeon.
             The game lasted 00:02:48 (2251 turns).

GreaterElenko the Cudgeler (Mummy Gladiator)        Turns: 2251, Time: 00:02:49

Health: -3/41      AC: 11    Str: 19    XL:     5   Next: 36%
Magic:  5/5        EV:  8    Int:  7    God:
Gold:   102        SH:  0    Dex: 13    Spells: 4/4 levels left

rFire    x . .     SeeInvis .   a - +0 flail
rCold    + . .     Gourm    .   (no shield)
rNeg     + + +     Faith    .   i - +0 chain mail
rPois    ∞         Spirit   .   c - +0 helmet
rElec    .         Reflect  .   (no cloak)
rCorr    .         Harm     .   m - +0 pair of gloves
MR       .....                  n - +0 pair of boots
Stlth    ..........             (no amulet)
HPRegen  0.13/turn              (no ring)
MPRegen  0.09/turn              (no ring)

@: no status effects
A: no food or potions, fire vulnerability, cold resistance 1, negative energy
resistance 3, torment resistance, unbreathing
a: no special abilities


You were on level 3 of the Dungeon.
You were not hungry.

You visited 1 branch of the dungeon, and saw 3 of its levels.

You collected 102 gold pieces.

Inventory:

Hand Weapons
 a - a +0 flail (weapon)
Missiles
 d - 3 throwing nets (quivered) {!f}
Armour
 b - a +0 leather armour
 c - a +0 helmet (worn)
 i - a +0 chain mail (worn)
   (You found it on level 1 of the Dungeon)
 m - a +0 pair of gloves (worn)
   (You found it on level 2 of the Dungeon)
 n - a +0 pair of boots (worn)
   (You found it on level 2 of the Dungeon)
Scrolls
 e - a scroll of magic mapping {unknown}
 f - a scroll of teleportation {@r4}
 g - a scroll of remove curse {@r2}
 h - a scroll of fear {unknown}
 j - 3 scrolls of identify {unknown}
 k - a scroll of immolation {unknown}
 l - a scroll of enchant weapon {unknown}
 o - a scroll of enchant armour {unknown}


   Skills:
 + Level 3.5 Fighting
 * Level 4.3 Maces & Flails
 - Level 1.5 Throwing
 - Level 2.4 Dodging


You had 4 spell levels left.
You didn't know any spells.
Your spell library was empty.

Dungeon Overview and Level Annotations

Branches:
Dungeon (3/15)

Altars:


Innate Abilities, Weirdness & Mutations

You do not eat or drink.
Your flesh is vulnerable to fire.
You are immune to poison.
Your flesh is cold resistant. (rC+)
You are immune to negative energy. (rN+++)
You are immune to unholy pain and torment.
You can survive without breathing.


Message History

No target in view!
No target in view! 2 orcs come into view.
The orc shouts! x2
The orc throws a tomahawk.
The tomahawk barely misses you.
An orc priest comes into view. It is wielding a +0 dagger.
You see here a tomahawk.
There are monsters nearby!
There are monsters nearby!
The orc throws a tomahawk.
The tomahawk hits you but does no damage.
You see here a tomahawk.
There are monsters nearby!
The orc priest invokes the aid of Beogh against you.
Beogh smites you!
An orc is nearby!
The orc hits you.
Unknown command.
Unknown command.
You barely miss the orc. The orc closely misses you.
You barely miss the orc. The orc completely misses you.
You sock the orc!
You kill the orc!
The orc throws a tomahawk.
The tomahawk barely misses you.
You hit the orc priest.
An orc wizard comes into view. It is wielding a +0 dagger.
The orc priest hits you but does no damage.
Unknown command.
You barely miss the orc priest.
The orc wizard shouts!
The orc priest hits you but does no damage.
The orc priest barely misses you.
You hit the orc priest.
The orc priest hits you but does no damage.
You closely miss the orc priest.
The orc priest invokes the aid of Beogh against you.
Beogh smites you!
* * * LOW HITPOINT WARNING * * *
You hit the orc priest.
The orc priest hits you but does no damage.
You barely miss the orc priest.
The orc wizard casts a spell.
The orc wizard seems to speed up.
The orc priest invokes the aid of Beogh against you.
Beogh smites you!
* * * LOW HITPOINT WARNING * * *
You closely miss the orc priest.
The orc priest mumbles some strange prayers to Beogh against you.
Beogh smites you!
You die...

######### ### #(......#
#...# #@#####.##########
#.o.o.###o##..............
#..(oo...##.###..####.
#####(#####.# #..####.
#.......# #....##.
######### #.##.##.
#....... ####.### #.#


You could see an orc priest, an orc wizard and an orc.

Vanquished Creatures
  A centaur (D:2)
  A hound zombie (D:3)
  3 adders (D:2)
  An ooze (D:2)
  2 worms (D:2)
  A dart slug (D:2)
  A leopard gecko (D:2)
  An orc (D:3)
  A ball python (D:1)
  6 goblins
  7 hobgoblins
  4 jackals (D:2)
  3 bats
  6 frilled lizards
  5 kobolds
  11 rats
54 creatures vanquished.

Notes
Turn   | Place    | Note
-------+----------+-------------------------------------------
     0 | D:1      | GreaterElenko the Mummy Gladiator began the quest for the
                  | Orb.
     0 | D:1      | Reached XP level 1. HP: 16/16 MP: 1/1
   105 | D:1      | Reached XP level 2. HP: 15/22 MP: 2/2
   460 | D:1      | Reached skill level 3 in Maces & Flails
  1235 | D:2      | Reached XP level 3. HP: 24/28 MP: 3/3
  1548 | D:2      | Noticed a centaur
  1556 | D:2      | Killed a centaur
  1556 | D:2      | Reached skill level 4 in Maces & Flails
  1556 | D:2      | Reached XP level 4. HP: 11/35 MP: 4/4
  1556 | D:2      | Reached XP level 5. HP: 13/41 MP: 5/5
  2251 | D:3      | Killed from afar by an orc priest

Skill      XL: |  1  2  3 |
---------------+----------+-----
Maces & Flails | 3 4 |  4.3
Fighting       | 3 |  3.5
Throwing       | |  1.5
Dodging        | |  2.4

Action                   |  1- 3 |  4- 6 || total
-------------------------+-------+-------++-------
Melee: Flail             |   126 |    59 ||   185
  Use: Scroll            |     2 |       ||     2
Armor: Leather armour    |    16 |       ||    16
       Chain mail        |    56 |    34 ||    90
Dodge: Dodged            |    74 |    27 ||   101
